 Dungeon Crawl Stone Soup version 0.30-a0-622-gddc90eaa04 (webtiles) character file.

Game seed: 11319083389042150671

35 OTABOTABOTAB the Shooter (level 3, 17/21 HPs)
             Began as a Kobold Hexslinger on Jan 11, 2023.
             Quit the game on level 1 of the Dungeon.
             The game lasted 00:01:10 (544 turns).

OTABOTABOTAB the Shooter (Kobold Hexslinger)         Turns: 544, Time: 00:01:11

Health: 17/21      AC:  2    Str:  7    XL:     3   Next: 52%
Magic:  4/4        EV: 15    Int: 14    God:
Gold:   29         SH:  0    Dex: 17    Spells: 3/4 levels left

rFire   . . .      SeeInvis .    a - +1 sling
rCold   . . .      Faith    .    (no shield)
rNeg    . . .      Spirit   .    c - +0 robe
rPois   .          Reflect  .    (no helmet)
rElec   .          Harm     .    (no cloak)
rCorr   .          Rampage  .    (no gloves)
Will    .....                    (no boots)
Stlth   +++                      (no amulet)
HPRegen 0.23/turn                (no ring)
MPRegen 0.09/turn                (no ring)

@: no status effects
A: small, no large weapons, nightstalker 3
a: no special abilities


You were on level 1 of the Dungeon.
You visited 1 branch of the dungeon, and saw 1 of its levels.

You collected 29 gold pieces.

Inventory:

Hand Weapons
 a - a +1 sling (weapon)
Missiles
 f - 3 boomerangs
 s - 7 stones
Armour
 c - a +0 robe (worn)
Scrolls
 b - a scroll of poison {!r}
 d - a scroll of identify {unknown}
Potions
 e - a potion of degeneration {unknown}
 g - 2 potions of flight {unknown}


   Skills:
 + Level 1.9 Fighting
 * Level 4.0 Ranged Weapons
 + Level 3.0 Dodging
 - Level 1.1 Spellcasting
 - Level 3.0 Hexes


You had 3 spell levels left.
You knew the following spells:

 Your Spells              Type           Power      Damage    Failure   Level
s - Slow                  Hex            36%        N/A       8%          1

Your spell library contained the following spells:

 Spells                   Type           Power      Damage    Failure   Level
 Inner Flame              Hex/Fire       4%         N/A       38%         3
 Portal Projectile        Hex/Tloc       8%         N/A       38%         3
 Cause Fear               Hex            4%         N/A       58%         4


Dungeon Overview and Level Annotations

Branches:
Dungeon (1/15)

Altars:


Innate Abilities, Weirdness & Mutations

You are small and have problems with some larger weapons.
You are completely attuned to the shadows.


Message History

You are too injured to fight recklessly!
Fire: a) +1 sling
Aim: a dart slug (moderately wounded, 93% to hit)
You shoot a sling bullet. The sling bullet hits the dart slug.
The dart slug closely misses you.
Fire: a) +1 sling
Aim: a dart slug (heavily wounded, 93% to hit)
You shoot a sling bullet. The sling bullet hits the dart slug.
The hobgoblin misses you. The dart slug misses you.
Fire: a) +1 sling
Aim: a dart slug (severely wounded, 93% to hit)
You shoot a sling bullet. The sling bullet hits the dart slug.
You kill the dart slug!
The hobgoblin hits you. The hobgoblin barely misses you.
You take 3 damage, and have 9/21 hp.
Fire: a) +1 sling
Aim: a hobgoblin (59% to hit)
You shoot a sling bullet. The sling bullet hits the hobgoblin!
You kill the hobgoblin!
Fire: a) +1 sling Really target yourself? [Y]es or [N]o only, please.
Really target yourself?
Okay, then.
Unknown command.
You start resting.
Health restored: 21 You see here a dart slug corpse.
You open the door.
There is an open door here.
g - 2 fizzy cyan potions
Found a stone staircase leading down.
There is a stone staircase leading down here.
A hobgoblin comes into view.
You shoot a sling bullet. The sling bullet hits the hobgoblin.
You kill the hobgoblin!
No target in view!
No target in view!
A goblin comes into view. It is wielding a +0 dagger.
You see here 11 gold pieces.
You shoot a sling bullet. The sling bullet misses the goblin.
You hear a shout!
You shoot a sling bullet. The sling bullet hits the goblin.
You shoot a sling bullet. The sling bullet hits the goblin.
You kill the goblin!
A kobold comes into view. It is wielding a +0 club.
You shoot a sling bullet.
The sling bullet barely misses the kobold.
You hear a shout!
No target in view!
No target in view!
You now have 29 gold pieces (gained 11).
A goblin comes into view. It is wielding a +0 dagger.
You shoot a sling bullet.
The sling bullet closely misses the kobold.
You shoot a sling bullet. The sling bullet hits the goblin.
A giant cockroach comes into view.
You shoot a sling bullet.
The sling bullet barely misses the kobold.
The kobold hits you but does no damage.
A kobold comes into view. It is wielding a +0 short sword.
You shoot a sling bullet. The sling bullet hits the kobold.
You kill the kobold!
The goblin hits you with a +0 dagger.
You take 3 damage, and have 18/21 hp.
You shoot a sling bullet. The sling bullet hits the goblin!
You kill the goblin!
Your Dodging skill increases to level 3!
You shoot a sling bullet.
The sling bullet barely misses the giant cockroach.
The giant cockroach barely misses you.
A dart slug comes into view.
The giant cockroach bites you but does no damage.
You shoot a sling bullet.
The sling bullet hits the giant cockroach but does no damage.
The giant cockroach completely misses you.
You shoot a sling bullet.
The sling bullet hits the giant cockroach.
You kill the giant cockroach!
The dart slug launches a dart at you. The slug dart misses you.
You shoot a sling bullet. The sling bullet hits the dart slug!
You shoot a sling bullet. The sling bullet hits the dart slug.
You kill the dart slug!
The kobold throws a stone.
The stone closely misses you.
You shoot a sling bullet.
The sling bullet barely misses the kobold.
You shoot a sling bullet.
The sling bullet closely misses the kobold.
The kobold hits you with a +0 short sword.
You take 3 damage, and have 17/21 hp.
You shoot a sling bullet. The sling bullet hits the kobold.
You kill the kobold!
Your Ranged Weapons skill increases to level 4!
No target in view!
No target in view!
No target in view!
No target in view!
No target in view!
Unknown command.

..........#
..........#
..........#
#.......#.#
###########
#.###...#.#
# #.###..##
####
##.......#
...#
.....#.#.#
##.#
###..#.#.#
##.# #..#.#
# ##.####
#.@#.#
.......
..)..)...
##.####
.....#.##
##.#
†##..#.#
...## ..##
# #...#
##..#####.
#........
###.####.


There were no monsters in sight!

Vanquished Creatures
  3 dart slugs (D:1)
  2 endoplasms (D:1)
  4 giant cockroaches (D:1)
  5 goblins (D:1)
  3 hobgoblins (D:1)
  3 bats (D:1)
  A frilled lizard (D:1)
  4 kobolds (D:1)
25 creatures vanquished.

Notes
Turn   | Place    | Note
-------+----------+-------------------------------------------
     0 | D:1      | OTABOTABOTAB the Kobold Hexslinger began the quest for the
                  | Orb.
     0 | D:1      | Reached XP level 1. HP: 12/12 MP: 2/2
    28 | D:1      | Found a faded altar of an unknown god.
    36 | D:1      | Reached skill level 3 in Ranged Weapons
    39 | D:1      | Reached XP level 2. HP: 16/16 MP: 3/3
   387 | D:1      | Reached XP level 3. HP: 11/21 MP: 4/4
   536 | D:1      | Reached skill level 3 in Dodging
   544 | D:1      | Reached skill level 4 in Ranged Weapons
   544 | D:1      | Quit the game

Illustrated notes

Levels and vault maps discovered:
D:1:      dpeg_arrival_radiant, layout_basic,
          hellmonk_ecumenical_altar_crossroads

Skill      XL: |  1  2  3 |
---------------+----------+-----
Ranged Weapons | 3 4 |  4.0
Dodging        | 3 |  3.0
Fighting       | |  1.9
Spellcasting   | |  1.1
Hexes          | |  3.0

Action                   || total
-------------------------++-------
 Fire: Sling             ||    84
Armor: Robe              ||     7
Dodge: Dodged            ||    41

Table legend: (Time is in decaauts)
 A = Elapsed time spent in this place.
 B = Non-inter-level travel time spent in this place.
 C = Inter-level travel time spent in this place.
 D = Time resting spent in this place.
 E = Time spent auto-exploring this place.
 F = Levels seen in this place.
 G = Mean time per level.
                   A        B        C        D        E       F      G
               +--------+--------+--------+--------+--------+-----+--------+
         Total |    563 |    563 |      0 |     50 |    383 |   1 |  563.0 |
       Dungeon |    563 |    563 |      0 |     50 |    383 |   1 |  563.0 |
               +--------+--------+--------+--------+--------+-----+--------+

Top non-repeatable levels by time:
     D:1: 563 daAuts

Table legend:
 A = Kills in this place as a percentage of kills in entire the game.
 B = Kills by you in this place as a percentage of kills by you in the entire game.
 C = Kills by friends in this place as a percentage of kills by friends in the entire game.
 D = Other kills in this place as a percentage of other kills in the entire game.
 E = Experience gained in this place as a percentage of experience gained in the entire game.
 F = Experience gained in this place divided by the number of levels of this place that you have seen.
                   A       B       C       D       E      F
               +-------+-------+-------+-------+-------+----------------------
         Total | 100.0 | 100.0 |   N/A |   N/A | 100.0 |  50.0
       Dungeon | 100.0 | 100.0 |   N/A |   N/A | 100.0 |  50.0
               +-------+-------+-------+-------+-------+----------------------
